 Dungeon Crawl Stone Soup version 0.22-a0-150-g005426d (webtiles) character file.

72 BisonMan the Covered (level 4, -1/36 HPs)
             Began as a Minotaur Fighter on Feb 7, 2018.
             Was an Initiate of Okawaru.
             Slain by Grinder (7 damage)
             ... while paralysed by Grinder
             ... on level 4 of the Dungeon.
             The game lasted 00:03:57 (2483 turns).

BisonMan the Covered (Minotaur Fighter)             Turns: 2483, Time: 00:03:57

Health: -1/36      AC:  8    Str: 22    XL:     4   Next: 6%
Magic:  3/3        EV:  2    Int:  5    God:    Okawaru [......]
Gold:   74         SH:  0    Dex:  9    Spells: 3/3 levels left

rFire    . . .     SeeInvis .   r - +0 scimitar
rCold    . . .     Gourm    .   c - +0 shield
rNeg     . . .     Faith    .   b - +0 scale mail
rPois    .         Spirit   .   (helmet restricted)
rElec    .         Reflect  .   j - +0 cloak
rCorr    .         Harm     .   (no gloves)
MR       .....                  (no boots)
Stlth    ..........             (no amulet)
HPRegen  0.12/turn              l - ring of flight
MPRegen  0.08/turn              (no ring)

@: paralysed
A: retaliatory headbutt, reduced essence, horns 2
a: Renounce Religion, Evoke Flight


You were on level 4 of the Dungeon.
You worshipped Okawaru.
Okawaru was noncommittal.
You were not hungry.

You visited 1 branch of the dungeon, and saw 4 of its levels.

You collected 74 gold pieces.

Inventory:

Hand Weapons
 a - a +0 long sword
 r - a +0 scimitar (weapon)
Armour
 b - a +0 scale mail (worn)
 c - a +0 shield (worn)
 j - a +0 cloak (worn)
Jewellery
 l - a ring of flight (left hand)
Scrolls
 g - a scroll of random uselessness {unknown}
 h - 3 scrolls of remove curse {unknown}
 k - a scroll of fog {unknown}
 n - a scroll of teleportation {unknown}
 p - a scroll of enchant weapon {unknown}
 u - a scroll of enchant armour {unknown}
Potions
 d - 2 potions of might
 i - 3 potions of curing
 m - a potion of heal wounds
 o - a potion of magic {unknown}
 q - 2 potions of invisibility {unknown}
 s - 3 potions of agility {unknown}
 v - a potion of brilliance {unknown}
 w - 2 potions of berserk rage {unknown}
Books
 t - a book of Minor Magic

   Spells                             Type                      Level
   a - Magic Dart                     Conjuration                  1
   b - Blink                          Translocation                2
   c - Call Imp                       Summoning                    2
   d - Slow                           Hexes                        2
   e - Conjure Flame                  Conjuration/Fire             3
   f - Mephitic Cloud                 Conjuration/Poison/Air       3
Comestibles
 f - 8 rations
 x - a chunk of flesh


   Skills:
 * Level 4.1 Fighting
 * Level 3.2 Long Blades
 * Level 4.5 Armour
 * Level 0.1 Dodging
 * Level 4.3 Shields


You had 3 spell levels left.
You didn't know any spells.

Dungeon Overview and Level Annotations

Branches:
Dungeon (4/15)
 Temple: D:4-7

Altars:
Hepliaklqana
Okawaru
Trog

Annotations:
D:4 Grinder


Innate Abilities, Weirdness & Mutations

You reflexively headbutt those who attack you in melee.
You have a pair of horns on your head.
Your life essence is reduced to manifest your ancestor. (-10% HP)


Message History

Grinder blinks!
Grinder gestures at you. Pain shoots through your body!
* * * LOW HITPOINT WARNING * * *
Grinder gestures at you. Pain shoots through your body!
* * * LOW HITPOINT WARNING * * *
Grinder gestures at you.
You suddenly lose the ability to move!
Grinder hits you but does no damage.
You can move again.
You closely miss Grinder.
Grinder is almost dead.
Grinder gestures at you.
You shrug off the repeated paralysis!
You closely miss Grinder.
Grinder is almost dead.
Grinder gestures at you.
You suddenly lose the ability to move!
Grinder hits you!
You die...

#######.#####
#.......# ###
#..###..###.....
#...<...#
###..######
#..>###.. #..<#
#.# #..#.###.#
#..#.@...#
#...5.####
#..##.# .....
..# .### #.## #.
#. ..


You could see Grinder.

Vanquished Creatures
  The ghost of COBRA the Chopper, a weakling MiFi (D:3)
  4 adders
  4 gnolls (D:3)
  3 dart slugs
  4 leopard geckos
  12 orcs (D:3)
  9 bats
  5 giant cockroaches
  5 goblins
  4 hobgoblins
  4 jackals (D:2)
  A quokka (D:3)
  A ball python (D:1)
  5 frilled lizards
  5 kobolds
  7 rats
74 creatures vanquished.

Vanquished Creatures (collateral kills)
  A rat (D:2)
1 creature vanquished.

Grand Total: 75 creatures vanquished

Notes
Turn   | Place    | Note
-------+----------+-------------------------------------------
     0 | D:1      | BisonMan the Minotaur Fighter began the quest for the Orb.
     0 | D:1      | Reached XP level 1. HP: 19/19 MP: 0/0
   103 | D:1      | Reached XP level 2. HP: 26/26 MP: 1/1
   359 | D:1      | Reached XP level 3. HP: 33/33 MP: 2/2
   896 | D:2      | Found a faded altar of an unknown god.
   919 | D:2      | Became a worshipper of Hepliaklqana the Forgotten
   919 | D:2      | Reached * piety under Hepliaklqana
  1093 | D:2      | Reached XP level 4. HP: 35/36 MP: 3/3
  1400 | D:2      | Found an iron altar of Okawaru.
  1400 | D:2      | Found a bloodstained altar of Trog.
  1408 | D:2      | Reached ** piety under Hepliaklqana
  1433 | D:2      | Fell from the grace of Hepliaklqana
  1463 | D:2      | Became a worshipper of Warmaster Okawaru
  2094 | D:3      | Noticed COBRA's ghost (weakling MiFi)
  2100 | D:3      | Killed COBRA's ghost
  2468 | D:4      | Noticed Grinder
  2480 | D:4      | Paralysed by Grinder for 2 turns
  2483 | D:4      | Paralysed by Grinder for 3 turns
  2483 | D:4      | Slain by Grinder

Vault maps used:
D:1:      sevenhm_arrival_forest_fort_small_4, minmay_shallow_snake_nest
D:2:      kennysheep_big_flooded_room, gammafunk_temple_overflow_wave,
          chequers_ecumenical_altar_simple_redux
D:4:      first_ration, uniq_grinder

Skill      XL: |  1  2  3 |
---------------+----------+-----
Armour         | 4 |  4.5
Shields        | 4 |  4.3
Fighting       | 4 |  4.1
Long Blades    | 3 |  3.2
Dodging        | |  0.1

Action                   |  1- 3 |  4- 6 || total
-------------------------+-------+-------++-------
Melee: Long sword        |    87 |    62 ||   149
       Headbutt          |    12 |    15 ||    27
       Scimitar          |       |    31 ||    31
Invok: Ancestor Identity |     1 |       ||     1
       Renounce Religion |       |     1 ||     1
  Use: Potion            |       |     2 ||     2
       Scroll            |       |     1 ||     1
  Eat: Chunk             |       |     5 ||     5
Armor: Scale mail        |    44 |    36 ||    80
Dodge: Dodged            |    36 |    22 ||    58
Block: Shield            |    38 |    44 ||    82
       Rpst.: Long sword |    11 |     4 ||    15
       Scimitar          |       |     3 ||     3

Table legend:
 A = Spawn XP
 B = Non-spawn XP
 C = Spawn XP percentage of total XP
 D = Spawn monster count
 E = Non-spawn monster count
 F = Spawn count percentage of total count
 G = Total turns spent on level
                    A         B        C        D         E        F      G
               +---------+---------+-------+---------+---------+-------+---------
         Total |       0 |     103 |   0.0 |       0 |      75 |   0.0 |  2483
               +---------+---------+-------+---------+---------+-------+---------
           D:1 |       0 |      58 |   0.0 |       0 |      26 |   0.0 |   896
           D:2 |       0 |      45 |   0.0 |       0 |      18 |   0.0 |   709
           D:3 |       0 |       0 |   N/A |       0 |      31 |   0.0 |   844
               +---------+---------+-------+---------+---------+-------+---------
